 Dungeon Crawl Stone Soup version 0.31-a0-152-g6aa68a64a1 (webtiles) character file.

Game seed: 9724356552234700436

254 comborobin the Sneak (level 5, -1/48 HPs)
             Began as a Deep Elf Delver on June 10, 2023.
             Was an Initiate of Okawaru.
             Slain by an orc wizard
             ... wielding a +0 dagger
              (2 damage)
             ... on level 5 of the Dungeon.
             The game lasted 00:03:26 (2024 turns).

comborobin the Sneak (Deep Elf Delver)              Turns: 2024, Time: 00:03:28

Health: -1/48      AC: 22    Str:  6 (9)  XL:     5   Next: 91%
Magic:  7/7        EV:  2    Int: 14 (15) God:    Okawaru [......]
Gold:   98         SH:  0    Dex: 16 (18) Spells: 4/4 levels left

rFire   . . .        (no weapon)
rCold   . . .        (no shield)
rNeg    . . .        b - melded +0 leather armour
rPois   +            (helmet currently unavailable)
rElec   .            f - melded +0 cloak
rCorr   .            (gloves currently unavailable)
SInv    .            (boots currently unavailable)
Will    .....        (no amulet)
Stlth   +++          p - +5 ring of evasion
HPRegen 0.28/turn    (no ring)
MPRegen 0.10/turn

%: no passive effects
@: lethally poisoned (-1 -> -11), tree-form
A: stationary, stasis, torment immunity, boosted hp
a: Renounce Religion


You were on level 5 of the Dungeon.
You worshipped Okawaru.
Okawaru was noncommittal.
You were a tree.
You visited 1 branch of the dungeon, and saw 5 of its levels.

You collected 98 gold pieces.

Inventory:

Hand Weapons
 a - a +0 rapier
Missiles
 d - 4 poisoned darts (quivered)
 e - 6 javelins
Armour
 b - a +0 leather armour (melded)
 f - a +0 cloak (melded)
 k - an orb of light
 q - the +1 leather armour of Ytedd {rF- rC+ Will+ SInv}
   (You found it on level 4 of the Dungeon)

   rF:        It makes you vulnerable to fire.
   rC:        It protects you from cold.
   SInv:      It lets you see invisible.
   Will:      It increases your willpower.
Magical Staves
 j - a staff of air
Jewellery
 l - a ring of ice
 p - a +5 ring of evasion (left branch)
 r - a ring of poison resistance
Wands
 g - a wand of digging (3)
Scrolls
 c - 2 scrolls of fog
 h - 3 scrolls of identify {unknown}
 m - a scroll of noise {unknown}
 o - 2 scrolls of teleportation {unknown}
Potions
 n - a potion of lignification


   Skills:
 - Level 3.0 Fighting
 * Level 4.4 Short Blades
 + Level 4.5 Dodging
 - Level 6.6 Stealth
 * Level 0.0 Invocations


You had 4 spell levels left.
You didn't know any spells.
Your spell library contained the following spells:

 Spells                   Type           Power      Damage    Failure   Level
 Leda's Liquefaction      Hex/Erth       0%         N/A       96%         4
 Lee's Rapid Deconstruct  Erth           0%         3d4*      100%        5
 Leda's Unmaking          Conj/Erth      0%         9d1       100%        6
 Statue Form              Tmut/Erth      0%         N/A       100%        6


Dungeon Overview and Level Annotations

Branches:
Dungeon (6/15)             Temple (0/1) D:4

Altars:
Makhleb
Nemelex Xobeh
Okawaru
The Shining One


Message History

You turn into a tree.
Your +0 cloak melds into your body.
Your +0 leather armour melds into your body.
Your roots penetrate the ground.
You feel very sick.
The orc wizard hits you but does no damage.
The orc hits you but does no damage.
You are lethally poisoned!
Okay, then.
Okay, then.
You are now empty-handed.
You feel sick.
You hit the orc.
The orc is moderately wounded.
You feel very sick. The gnoll hits you but does no damage.
The orc wizard hits you but does no damage.
The orc hits you with a +1 dagger of venom.
* * * LOW HITPOINT WARNING * * *
You smack the orc!
You kill the orc!
Okawaru accepts your kill.
* * * LOW HITPOINT WARNING * * *
You feel very sick. The gnoll hits you but does no damage.
The orc wizard hits you but does no damage.
It was a potion of degeneration.
There was something very wrong with that liquid.
You feel weakened.
You feel dopey.
You feel clumsy.
* * * LOW HITPOINT WARNING * * *
You feel very sick. The gnoll hits you but does no damage.
The orc wizard hits you but does no damage.
You cannot move.
Unknown command.
You hit the orc wizard.
The orc wizard is severely wounded.
* * * LOW HITPOINT WARNING * * *
You feel very sick. The gnoll hits you but does no damage.
The orc wizard hits you with a +0 dagger.
You die...

,,,,,,,,,,,,,,,,,****,* *,
*****#.#***,*****...#,* *, #.#
*,* *...#,**********, #.#***,*
*...#,,,,,,,,,,,,
#...#*,###**...#,,,,,,,,,,,, ****
#.#.$.,,..**...#,,,,,,,,,,,, ,,,*
#.#*#..##.**)..#,,,,,,,,,,,, ...*
#.# *#....##)..#...,,,,,,,,,
...###.## ***#..♣og.....,,,,,,,,,
*#......#######.#.......,,,,,,,,,
#......................,,,,,,,,,
##.......##.............,,,,,,,,,
.........##.####.#....##********,
.........#..# *.......# *,
.#..........###.##....#**** *,
.#..................$...,,* *,
,#.......#..###.##.....#*,* *,


You could see an orc wizard and a gnoll.

Vanquished Creatures
  A phantom (D:4)
  2 iguanas
  3 gnolls (D:3)
  6 adders
  4 orcs
  8 ball pythons
  5 endoplasms
  A giant cockroach (D:3)
  4 goblins
  3 hobgoblins
  4 jackals (D:3)
  2 bats (D:3)
  3 kobolds
46 creatures vanquished.

Notes
Turn   | Place    | Note
-------+----------+-------------------------------------------
     0 | D:5      | comborobin the Deep Elf Delver began the quest for the Orb.
     0 | D:5      | Reached XP level 1. HP: 13/13 MP: 3/3
     1 | D:6      | Noticed a jelly
    46 | D:4      | Found a burning altar of Makhleb.
   154 | D:3      | Reached XP level 2. HP: 18/18 MP: 4/4
   347 | D:3      | Found a faded altar of an unknown god.
   360 | D:3      | Reached XP level 3. HP: 22/22 MP: 5/5
   546 | D:3      | Reached XP level 4. HP: 16/27 MP: 6/6
  1090 | D:3      | Found a glowing golden altar of the Shining One.
  1094 | D:3      | Found an iron altar of Okawaru.
  1097 | D:3      | Found a sparkling altar of Nemelex Xobeh.
  1168 | D:3      | Became a worshipper of Warmaster Okawaru
  1489 | D:4      | Noticed a phantom
  1501 | D:4      | Killed a phantom
  1502 | D:4      | Reached XP level 5. HP: 32/32 MP: 7/7
  1564 | D:4      | Found a staircase to the Ecumenical Temple.
  1576 | D:4      | Identified the +1 leather armour of Ytedd {rF- rC+ Will+
                  | SInv}
  2024 | D:5      | HP: 1/48 [poisoned by an orc]
  2024 | D:5      | Slain by an orc wizard

Illustrated notes

Levels and vault maps discovered:
D:2:      layout_basic, serial_shops, shop, minmay_close_crescents
D:3:      layout_basic, minmay_overflow_temple_star_quad,
          nicolae_ecumenical_snake_handling
D:4:      layout_rooms, mainiacjoe_overflow_boulevard,
          minmay_temple_entry_statues_fountains, uniq_crazy_yiuf_cottage
D:5:      layout_basic, enter_ossuary_4, uniq_ijyb
D:6:      layout_cave_pools, nicolae_sif_muna_little_library,
          lemuel_doored_altar, st_stairs_3

Skill      XL: |  1  2  3  4 |
---------------+-------------+-----
Dodging        | 3 4 |  4.5
Fighting       | 3 |  3.0
Short Blades   | 4 |  4.4
Stealth        | |  6.6

Action                     |  1- 3 |  4- 6 || total
---------------------------+-------+-------++-------
  Melee: Short sword       |    23 |       ||    23
         Rapier            |    49 |    51 ||   100
         Unarmed           |       |    12 ||    12
  Throw: Dart              |     7 |     8 ||    15
    Use: Scroll            |     1 |     1 ||     2
         Potion            |     2 |     3 ||     5
   Stab: Sleeping          |     4 |     7 ||    11
         Distracted        |       |     1 ||     1
 Armour: Leather armour    |    15 |     6 ||    21
         Skin              |       |    14 ||    14
  Dodge: Dodged            |    46 |    38 ||    84

Table legend: (Time is in decaauts)
 A = Elapsed time spent in this place.
 B = Non-inter-level travel time spent in this place.
 C = Inter-level travel time spent in this place.
 D = Time resting spent in this place.
 E = Time spent auto-exploring this place.
 F = Levels seen in this place.
 G = Mean time per level.
                   A        B        C        D        E       F      G
               +--------+--------+--------+--------+--------+-----+--------+
         Total |   2006 |   1853 |    153 |    297 |   1021 |   5 |  401.2 |
       Dungeon |   2006 |   1853 |    153 |    297 |   1021 |   5 |  401.2 |
               +--------+--------+--------+--------+--------+-----+--------+

Top non-repeatable levels by time:
     D:3: 1305 daAuts
     D:4: 618 daAuts
     D:5: 73 daAuts
     D:2: 6 daAuts
     D:6: 1 daAuts
